Map: Submarine LE

Players

EON - Winner!

  • Race: Zerg Zerg
  • League: Master
  • Spawn Location: 5:00

llllllllllll

  • Race: Zerg Zerg
  • Spawn Location: 11:00

VOD

Have the link to the VOD?

Description

Time

  • Played on: Jan. 4, 2021, 10:12 p.m.
  • Length: 5:46
Show
View Real Time Build Order
Export as new Build Order

EON Zerg - Winner!

Build Orders: Pool First 

Get SALT Encoding   

  12  0:00  Drone  
  13  0:12  Overlord  
  13  0:16  Drone  
  14  0:31  Drone x2  
  14  0:35  Drone  
  17  0:38  Extractor  
  16  0:48  Spawning Pool  
  15  0:50  Drone  
  15  0:57  Drone  
  17  1:18  Drone  
  17  1:35  Hatchery  
  17  1:36  Zergling x4  
  17  1:38  Metabolic Boost  
  18  1:41  Zergling x2  
  19  1:54  Zergling x2  
  20  2:03  Zergling x2  
  20  2:08  Hatchery  
  21  2:16  Baneling Nest, Queen  
  21  2:22  Overlord  
  20  2:25  Drone  
  21  2:46  Zergling x4  
  23  2:58  Zergling x2  
  24  3:05  Baneling  
  24  3:08  Zergling x2  
  23  3:24  Baneling x2  
  23  3:25  Queen  
  23  3:26  Drone  
  26  3:29  Zergling x2  
  26  3:30  Zergling x8  
  26  3:33  Drone  
  32  3:40  Zergling x2  
  32  3:52  Zergling x2  
  33  4:02  Zergling x6  
  30  4:04  Zergling x4  
  30  4:08  Zergling x2  
  31  4:11  Baneling  
  31  4:12  Zergling x2  
  31  4:16  Zergling x2  
  27  4:17  Queen  
  29  4:28  Drone x2  
  29  4:29  Drone  
  31  4:46  Zergling x6  
  33  4:53  Drone x2  
  33  4:55  Zergling x2  
  36  5:00  Baneling  
  36  5:01  Baneling  
  36  5:13  Overlord x2  
  35  5:19  Baneling  
  35  5:22  Baneling  
Show
View Real Time Build Order
Export as new Build Order

llllllllllll Zerg 

Build Orders: Pool First 

Get SALT Encoding   

  12  0:17  Spawning Pool  
  11  0:22  Drone  
  12  0:29  Drone  
  12  0:30  Drone  
  14  0:40  Overlord  
  14  1:04  Zergling x4  
  16  1:05  Zergling x2  
  17  1:14  Extractor  
  17  1:16  Zergling x2  
  19  1:27  Zergling x2  
  18  1:33  Hatchery  
  18  1:37  Zergling x2  
  18  1:48  Zergling x2  
  19  2:01  Overlord  
  17  2:17  Metabolic Boost  
  17  2:18  Zergling x2  
  17  2:21  Zergling x2  
  18  2:31  Queen  
  18  2:35  Zergling x2  
  21  2:46  Zergling x2  
  22  2:51  Zergling x2  
  22  2:52  Zergling x2  
  24  3:01  Zergling x2  
  25  3:05  Zergling x2  
  26  3:12  Zergling x2  
  26  3:14  Zergling x2  
  22  3:21  Zergling x2  
  22  3:24  Zergling x2  
  24  3:28  Zergling x2  
  25  3:36  Zergling x2  
  25  3:40  Zergling x4  
  25  3:41  Zergling x2  
  27  3:49  Zergling x4  
  27  3:50  Zergling x2  
  29  3:59  Zergling x2  
  29  4:02  Zergling x2  
  22  4:12  Zergling x2  
  22  4:13  Zergling x2  
  22  4:22  Zergling x2  
  23  4:25  Zergling x2  
  23  4:29  Queen  
  24  4:33  Zergling x2  
  24  4:36  Zergling x2  
  26  4:42  Zergling x2  
  26  4:46  Zergling x2  
  23  4:53  Zergling x2  
  23  4:55  Zergling x2  
  22  5:03  Zergling x2  
  22  5:05  Zergling x2  
  24  5:20  Zergling x4  
  26  5:25  Zergling x2  
Tags
 
League
Master
Matchup
ZvZ
Race
Zerg
Spawn Locations
Cross Positions
Add a new tag
Caveats
  • Supply blocks, unpowered buildings, or Contaminate may cause inaccurate times.
  • Supply counts are checked every 10 seconds.